 Dungeon Crawl Stone Soup version 0.30-a0-459-g9104f0fc43 (webtiles) character file.

Game seed: 18235391331128998061

144502 sanka the Spry (level 16, 73/73 HPs)
             Began as a Felid Earth Elementalist on Dec 5, 2022.
             Was an Initiate of Gozag.
             Quit the game on level 1 of the Vaults on Dec 15, 2022.
             The game lasted 02:19:41 (71728 turns).

sanka the Spry (Felid Earth Elementalist)          Turns: 71728, Time: 02:19:42

Health: 73/73      AC: 14    Str: 13    XL:     16   Next: 21%
Magic:  29/29      EV: 36    Int: 20    God:    Gozag
Gold:   5047       SH:  0    Dex: 21    Spells: 5/32 levels left
                                        Lives:  0   Deaths: 3

rFire   . . .      SeeInvis +      - Unarmed
rCold   + . .      Faith    .    (shield unavailable)
rNeg    . . .      Spirit   +    (body armour unavailable)
rPois   .          Reflect  .    (helmet unavailable)
rElec   .          Harm     .    (cloak unavailable)
rCorr   .          Rampage  .    (gloves unavailable)
Will    ++...      Clarity  +    (boots unavailable)
Stlth   +++++.....               y - amulet of Viatosesm {Spirit Str+3}
HPRegen 0.32/turn                u - +4 ring of protection
MPRegen 0.21/turn                J - +7 ring of protection

@: quick
A: very small, claws 1, fangs 3, see invisible, speed 1, shaggy fur 3, stealthy
paws, no weapons or thrown items, no armour, multi-lived, thin skeletal
structure 2, clarity, sense surroundings 1, strong 1, MP-powered wands
}: 2/15 runes: decaying, serpentine
a: Renounce Religion, Potion Petition, Call Merchant, Bribe Branch


You were on level 1 of the Vaults.
You worshipped Gozag.
Gozag was greatly pleased with you.
You visited 7 branches of the dungeon, and saw 32 of its levels.
You also visited: Bailey, Gauntlet and Ice Cave.

You collected 12703 gold pieces.
You spent 4473 gold pieces at shops.
You paid 3183 gold pieces to Gozag.


Innate Abilities, Weirdness & Mutations

You have sharp claws.
You have razor-sharp teeth.
You have supernaturally acute eyesight. (SInv)
You cover ground quickly. (Speed+)
Your thick and shaggy fur keeps you warm. (AC +3, rC+)
Your paws help you pounce on unaware monsters.
You are incapable of wielding weapons or throwing items.
You cannot wear armour.
You gain extra lives every three experience levels.
You have a moderately thin skeletal structure. (Dex +4, Stealth++)
You possess an exceptional clarity of mind.
You passively map a small area around you.
Your muscles are strong. (Str +4, Int/Dex -1)
You expend magic power (3 MP) to strengthen your wands.


   Skills:
 - Level 10.0 Fighting
 - Level 20.0 Dodging
 - Level 2.6 Stealth
 - Level 15.0 Unarmed Combat
 + Level 8.7 Spellcasting
 + Level 11.4 Conjurations
 + Level 11.6 Transmutations
 + Level 18.2 Earth Magic


You had 5 spell levels left.
You knew the following spells:

 Your Spells              Type           Power      Damage    Failure   Level
c - Iron Shot             Conj/Erth      31%        9d6       2%          6
v - Petrify               Tmut/Erth      62%        N/A       1%          4
x - Stone Arrow           Conj/Erth      100%       3d13      1%          3
z - Sandblast             Erth           100%       2d20      0%          1
C - Statue Form           Tmut/Erth      41%        N/A       2%          6
N - Passwall              Tmut/Erth      51%        N/A       1%          2
X - Lee's Rapid Deconstr  Erth           34%        3d17*     1%          5

Your spell library contained the following spells:

 Spells                   Type           Power      Damage    Failure   Level
 Kiss of Death            Conj/Necr      100%       2d13      1%          1
 Magic Dart               Conj           100%       1d8       1%          1
 Shock                    Conj/Air       100%       1d9       1%          1
 Wereblood                Tmut           53%        N/A       1%          2
 Leda's Liquefaction      Hex/Erth       22%        N/A       1%          4
 Iskenderun's Battlesphe  Conj           53%        2d10      1%          5
 Dazzling Flash           Conj/Hex       62%        N/A       2%          3
 Hailstorm                Conj/Ice       31%        3d8       2%          3
 Borgnjor's Vile Clutch   Necr/Erth      22%        N/A       5%          5
 Ice Form                 Ice/Tmut       32%        N/A       7%          4
 Freeze                   Ice            32%        1d5       8%          1
 Necrotise                Necr           32%        1d5       8%          1
 Fulminant Prism          Conj/Hex       15%        3d10      8%          4
 Iskenderun's Mystic Bla  Conj/Tloc      31%        2d8       8%          4
 Sticky Flame             Conj/Fire      31%        2d5       8%          4
 Sublimation of Blood     Necr           8%         N/A       12%         2
 Yara's Violent Unravell  Hex/Tmut       16%        3d8       21%         5
 Lightning Bolt           Conj/Air       15%        1d29      22%         5
 Confusing Touch          Hex            8%         N/A       24%         3
 Frozen Ramparts          Ice            16%        1d3       24%         3
 Kindle Blastsparks       Fire/Tloc/Air  16%        2d11      24%         3
 Ozocubu's Armour         Ice            8%         N/A       24%         3
 Tukima's Dance           Hex            8%         N/A       24%         3
 Vampiric Draining        Necr           8%         2d6       24%         3
 Airstrike                Air            4%         2d(1-17)  61%         4
 Dispel Undead            Necr           8%         3d8       61%         4
 Passage of Golubria      Tloc           8%         N/A       61%         4
 Summon Lightning Spire   Summ/Air       8%         N/A       61%         4
 Agony                    Necr           8%         N/A       91%         5
 Metabolic Englaciation   Hex/Ice        4%         N/A       91%         5
 Starburst                Conj/Fire      15%        6d6       75%         6
 Enfeeble                 Hex            4%         N/A       100%        7
 Haunt                    Necr/Summ      4%         N/A       100%        7
 Malign Gateway           Summ/Tloc      4%         N/A       100%        7
 Summon Hydra             Summ           4%         N/A       100%        7
 Infestation              Necr           4%         N/A       100%        8
 Animate Dead             Necr           Unusable   N/A       N/A         4
 Simulacrum               Ice/Necr       Unusable   N/A       N/A         6

Inventory:

Jewellery
 e - a +6 ring of dexterity
 o - a ring of poison resistance
 u - a +4 ring of protection (left paw)
 y - the amulet of Viatosesm (around neck) {Spirit Str+3}

   [amulet of guardian spirit]

   It causes incoming damage to be divided between your reserves of health and
   magic.
   Str:       It affects your strength (+3).
 J - a +7 ring of protection (right paw)
 K - a ring of flight
 O - an amulet of regeneration
 P - a ring of protection from fire
 Q - the ring "Ifiathrem" {rF+ rC+ rN+ Int+9}

   [ring of intelligence]

   Int:       It affects your intelligence (+9).
   rF:        It protects you from fire.
   rC:        It protects you from cold.
   rN:        It protects you from negative energy.
Wands
 m - a wand of polymorph (30)
 r - a wand of acid (4)
 z - a wand of digging (15)
 E - a wand of iceblast (11)
 G - a wand of charming (13)
 I - a wand of mindburst (6)
 L - a wand of flame (18)
Scrolls
 b - 8 scrolls of blinking
 h - 11 scrolls of teleportation {@r4}
 l - a scroll of amnesia
 n - 8 scrolls of summoning
 p - 5 scrolls of magic mapping
 v - 10 scrolls of immolation {!r}
 w - 5 scrolls of butterflies
 C - 3 scrolls of poison {!r}
 D - a scroll of silence {!r}
 F - 4 scrolls of vulnerability {!r}
 M - 3 scrolls of fear
 N - 2 scrolls of torment {!r}
Potions
 a - 4 potions of magic
 c - 2 potions of berserk rage {!q}
 d - 5 potions of resistance
 f - 4 potions of might
 g - 12 potions of curing {@q1}
 i - 10 potions of attraction {!q}
 j - 4 potions of mutation {!q}
 k - 3 potions of haste {@q3}
 q - 2 potions of ambrosia
 s - 2 potions of invisibility
 t - 5 potions of cancellation
 x - 2 potions of flight
 A - a potion of brilliance
Miscellaneous
 H - a lightning rod (4/4)

Dungeon Overview and Level Annotations

Branches:
Dungeon (15/15)            Temple (1/1) D:5            Lair (5/5) D:10
  Swamp (4/4) Lair:3        Snake (4/4) Lair:2        Slime (0/5) Lair:4
    Orc (2/2) D:12            Elf (0/3) Orc:2        Vaults (1/5) D:14
 Depths (0/4) D:15         Bailey (visited)           IceCv (visited)
Gauntlet (visited)

Altars:
Ashenzari
Cheibriados
Dithmenos
Elyvilon
Fedhas
Gozag
Hepliaklqana
Kikubaaqudgha
Makhleb
Nemelex Xobeh
Okawaru
Qazlal
Ru
Sif Muna
Trog
Uskayaw
Vehumet
Wu Jian
Xom
Yredelemnul
Zin
The Shining One
Jiyva

Shops:
D:11 ?   D:15 =   Orc:2 :::(   Snake:3 =::=   Vaults:1 ?

Portals:
Trove: D:13 (give 5 scrolls of blinking)

Annotations:
D:6 1 transporter

.▒▒▒.▒...▒▒▒▒ ▒▒▒▒▒
.▒.▒.▒...'..▒▒▒...▒
.▒.▒▒▒...▒..▒.'...▒
.....▒...▒▒'▒'▒...▒
.▒▒▒▒▒...▒▒.'.▒▒'▒
.▒.......▒▒'▒▒.'.▒
▒▒.......▒...▒'▒'▒▒
.▒.......▒...▒.▒..▒
.▒▒▒▒▒...▒...▒▒▒h.▒
.▒...▒...▒▒▒▒▒ ▒▒▒▒
.▒.▒▒▒...▒
.▒.▒.▒...▒
.▒.▒.▒...▒
.........▒
.........▒
.........▒
▒▒▒▒▒▒▒'▒▒▒▒▒▒▒


There were no monsters in sight!


Message History

The lindwurm misses you.
You eviscerate the war gargoyle!!!
You destroy the war gargoyle!
The lindwurm breathes flames at you. The blast of flame misses you.
The lindwurm breathes flames at you. The blast of flame hits you!!
* * * LOW HITPOINT WARNING * * *
You mangle the lindwurm!!
The lindwurm is almost dead.
The lindwurm breathes flames at you. The blast of flame misses you.
The lindwurm bites you.
* * * LOW HITPOINT WARNING * * *
The lindwurm claws you but does no damage.
The lindwurm misses you.
You completely miss the lindwurm.
The lindwurm is almost dead.
The lindwurm breathes flames at you. The blast of flame misses you.
The lindwurm breathes flames at you. The blast of flame hits you!!
You die...
Your shape twists and changes as you die.
You are now level 16!
You revert to your normal fleshy form.
You rejoin the land of the living...
Unknown command.
Unknown command.
Are you sure you want to abandon this character and quit the game? (Confirm with "yes".)

Action                   |  1- 3 |  4- 6 |  7- 9 | 10-12 | 13-15 | 16-18 || total
-------------------------+-------+-------+-------+-------+-------+-------++-------
Melee: Unarmed           |    23 |    11 |       |    10 |   406 |  1158 ||  1608
       Bite              |     2 |     4 |       |     2 |    87 |   187 ||   282
       Headbutt          |       |       |       |       |    91 |   326 ||   417
       Punch             |       |       |       |       |    26 |   128 ||   154
 Cast: Sandblast         |    36 |   100 |   237 |   287 |   273 |       ||   933
       Stone Arrow       |       |       |     3 |   174 |   722 |   135 ||  1034
       Lee's Rapid Decon |       |       |       |       |    37 |    13 ||    50
       Iron Shot         |       |       |       |       |    15 |   185 ||   200
       Statue Form       |       |       |       |       |     5 |    83 ||    88
       Petrify           |       |       |       |       |       |     6 ||     6
Invok: Call Merchant     |       |       |       |     1 |       |       ||     1
       Potion Petition   |       |       |       |       |     3 |     3 ||     6
 Abil: End Transformatio |       |       |       |       |       |     2 ||     2
Evoke: Wand              |       |     1 |       |     7 |    21 |     8 ||    37
       Lightning rod     |       |       |       |       |     2 |       ||     2
  Use: Potion            |       |       |     2 |     1 |    21 |     7 ||    31
       Scroll            |       |       |     4 |     8 |     5 |     1 ||    18
 Stab: Sleeping          |       |     1 |       |       |     1 |     4 ||     6
       Invisible         |       |       |       |       |     4 |       ||     4
       Distracted        |       |       |       |       |     2 |    12 ||    14
Armor: Skin              |     5 |     6 |    45 |    33 |   136 |   482 ||   707
Dodge: Dodged            |    36 |    43 |   174 |   377 |  1384 |  2646 ||  4660

Levels and vault maps discovered:
D:1:      matt_arrival_grand_opening, layout_rooms, minmay_tromino_v4_a
D:2:      layout_basic, minmay_fractal_squares_5, uniq_crazy_yiuf_cottage
D:3:      wad_crossroads, layout_loops_ring,
          mainiacjoe_overflow_six_doors_small, minmay_quantized
D:4:      layout_rooms, nzn_hepliaklqana_mist_gate,
          mainiacjoe_overflow_tiny_flanked
D:5:      layout_layer_cave, mainiacjoe_overflow_alcove_4,
          mainiacjoe_overflow_chevrons, minmay_temple_entry_drinking_statues
D:6:      layout_loops_cross, grunt_nemelex_the_gamble
D:7:      layout_loops_ring, lemuel_coloured_pillars_altar,
          nicolae_overflow_hidden_temple, minmay_bent
D:8:      layout_cave_pools, okawaru_gym_becter, uniq_gastronok
D:9:      layout_basic
D:10:     layout_basic, david_lair_generic, enter_bailey_5, minivault_10,
          bh_walls_and_bars
D:11:     layout_irregular_city, minmay_gold_behind_fungi, uniq_psyche
D:12:     layout_gridville, minmay_orc_entry_guard_dogs, gauntlet_entry_generic,
          nicolae_ashenzari_skybound
D:13:     layout_basic, enter_trove_2, eino_jars
D:14:     layout_long_grid, erik_vaults_1, serial_bayou_pond_a,
          hellmonk_bongcloud_opening
D:15:     grunt_enter_depths_giant_problem, layout_loops_corners, serial_shops,
          nicolae_shop_advertising_works [nicolae_subvault_shop_adworks],
          doesnt_xom_only_xom, uniq_azrael
Temple:   nicolae_temple_x_marks_the_god
Lair:1:   layout_cave_pods, serial_bayou_pond_c, dpeg_stationary_puzzle,
          infiniplex_staircase_pool, lemuel_fruit_tree, uniq_amaemon
Lair:2:   layout_regular_city, guppyfry_snake_entry_garden
Lair:3:   layout_misc_corridors, minmay_swamp_entry_worms
Lair:4:   layout_gridlike, slime_entry_1, portal_ice_cave_entry_pillars_2,
          uniq_rupert, uniq_urug, uniq_kirke
Lair:5:   evilmike_catoblepas_cave, layout_hall_layers,
          infiniplex_staircase_pool_2, lemuel_fruit_fields
Swamp:1:  layout_basic_swamp, nicolae_swamp_godswood, swamp_pool5, uniq_louise,
          uniq_nikola
Swamp:2:  layout_basic_swamp, hangedman_swamp_ruin_wall, swamp_pool5,
          st_swamp_ruins_2
Swamp:3:  layout_basic_swamp, nicolae_swamp_decorative_isthmus, swamp_pool2
Swamp:4:  nzn_swamp_witches_coven, layout_basic_swamp, swamp_pool2
Snake:1:  layout_chambers
Snake:2:  layout_cave_town, drop_trap, uniq_vashnia, uniq_aizul
Snake:3:  layout_cave_shapes, nicolae_shop_unique_rings, nicolae_snake_boneroom,
          grunt_megastairs_3, minmay_shop_grove
Snake:4:  minmay_snake_end_coiled, layout_basic, lemuel_oklob_altar
Orc:1:    layout_caves, ebering_ghost_disaster_area, uniq_nergalle
Orc:2:    st_orc_ogre_mass, layout_caves
Vaults:1: v_misc_27, nicolae_vaults_yaktaur_gun_rack,
          nicolae_vaults_network_quincunx
          [nicolae_vaults_network_quincunx_subvault,
          nicolae_vaults_network_quincunx_subvault,
          nicolae_vaults_network_quincunx_subvault,
          nicolae_vaults_network_quincunx_subvault,
          nicolae_vaults_network_quincunx_subvault], v_rooms_5,
          vaults_room_grunt_arrival_ludios, hangedman_vaults_slither,
          ontoclasm_vaults_hangar, nicolae_vaults_little_squares_6,
          vaults_dpeg_cross, vaults_dpeg_diagonal,
          nicolae_vaults_know_your_exits, layout_vaults_maze_bifur,
          serial_shops, shop

Notes
Turn   | Place    | Note
-------+----------+-------------------------------------------
     0 | D:1      | sanka the Felid Earth Elementalist began the quest for the
                  | Orb.
     0 | D:1      | Reached XP level 1. HP: 7/7 MP: 4/4
   173 | D:1      | Reached skill level 3 in Earth Magic
   173 | D:1      | Reached XP level 2. HP: 11/11 MP: 4/6
   385 | D:1      | Learned a level 2 spell: Passwall
   434 | D:1      | Reached skill level 2 in Transmutations
   624 | D:1      | HP: 1/11 [jackal (3)]
  1034 | D:2      | Reached XP level 3. HP: 14/14 MP: 5/7
  1076 | D:2      | Learned a level 3 spell: Stone Arrow
  1087 | D:2      | Noticed an ogre
  1092 | D:2      | Killed an ogre
  1093 | D:2      | Reached skill level 3 in Transmutations
  1093 | D:2      | Reached skill level 4 in Earth Magic
  1093 | D:2      | Reached XP level 4. HP: 18/18 MP: 3/8
  1382 | D:2      | Reached XP level 5. HP: 21/21 MP: 7/9
  1668 | D:2      | Found a runed translucent door.
  1669 | D:2      | Noticed Crazy Yiuf
  1976 | D:2      | Killed Crazy Yiuf
  1977 | D:2      | Reached skill level 4 in Transmutations
  2197 | D:3      | Found a sacrificial altar of Ru.
  2318 | D:3      | Became a worshipper of Ru the Awakened
  3149 | D:5      | Entered Level 5 of the Dungeon
  3188 | D:5      | Reached skill level 1 in Conjurations
  3220 | D:5      | HP: 2/21 [worm (6)]
  3352 | D:5      | Found an ancient bone altar of Kikubaaqudgha.
  3364 | D:5      | Reached skill level 2 in Conjurations
  3364 | D:5      | Gained mutation: You are covered in thick fur. (AC +2)
                  | [Felid growth]
  3364 | D:5      | Reached XP level 6. HP: 10/24 MP: 4/10
  3558 | D:5      | Reached skill level 5 in Earth Magic
  3801 | D:4      | Reached skill level 3 in Conjurations
  3966 | D:4      | Reached XP level 7. HP: 27/27 MP: 7/11
  4080 | D:4      | Found an ornate altar of the Wu Jian Council.
  4297 | D:4      | Found a hazy altar of Hepliaklqana.
  4558 | D:5      | Found a shadowy altar of Dithmenos.
  4821 | D:5      | Reached skill level 6 in Earth Magic
  5025 | D:5      | Found a staircase to the Ecumenical Temple.
  5040 | Temple   | Entered the Ecumenical Temple
  5109 | Temple   | Fell from the grace of Ru
  5109 | Temple   | Became a worshipper of Gozag Ym Sagoz the Greedy
  5334 | D:5      | Reached skill level 4 in Conjurations
  5793 | D:6      | Reached skill level 7 in Earth Magic
  5908 | D:6      | Reached XP level 8. HP: 28/31 MP: 7/12
  6251 | D:6      | Reached skill level 8 in Earth Magic
  6292 | D:6      | Reached skill level 3 in Dodging
  6412 | D:6      | Reached skill level 1 in Fighting
  6527 | D:6      | Found a sparkling altar of Nemelex Xobeh.
  6527 | D:6      | Found a transporter.
  6528 | D:6      | Noticed a two-headed ogre
  6815 | D:7      | Reached skill level 2 in Fighting
  6815 | D:7      | Reached skill level 4 in Dodging
  7516 | D:6      | Found a sparkling altar of Nemelex Xobeh.
  7939 | D:6      | Found a sparkling altar of Nemelex Xobeh.
  8549 | D:6      | Found a sparkling altar of Nemelex Xobeh.
  8990 | D:6      | Found a sparkling altar of Nemelex Xobeh.
  9241 | D:7      | Reached skill level 3 in Fighting
  9241 | D:7      | Reached skill level 5 in Dodging
  9402 | D:7      | Reached skill level 4 in Fighting
  9402 | D:7      | Reached skill level 6 in Dodging
  9402 | D:7      | Reached XP level 9. HP: 19/39 MP: 3/13
  9714 | D:7      | Reached skill level 7 in Dodging
  9751 | D:7      | Reached skill level 5 in Fighting
 10198 | D:7      | Found a basalt altar of Yredelemnul.
 10367 | D:8      | Noticed Gastronok
 10551 | D:8      | Reached skill level 8 in Dodging
 10576 | D:8      | Found an iron altar of Okawaru.
 10613 | D:7      | Found a broken altar of Ashenzari.
 10613 | D:7      | Found a glowing silver altar of Zin.
 11305 | D:9      | Noticed a kobold demonologist
 11312 | D:9      | Killed a kobold demonologist
 11313 | D:9      | Reached skill level 6 in Fighting
 11360 | D:9      | Reached skill level 9 in Dodging
 11889 | D:9      | Reached skill level 7 in Fighting
 12134 | D:9      | Reached XP level 10. HP: 19/47 MP: 6/14
 12275 | D:9      | Paralysed by a hornet for 3 turns
 12279 | D:9      | Reached skill level 10 in Dodging
 12565 | D:10     | Entered Level 10 of the Dungeon
 12710 | D:10     | Found a flagged portal.
 12780 | D:10     | Noticed an elephant
 12819 | Bailey   | Entered a bailey
 13279 | Bailey   | Reached skill level 9 in Fighting
 13279 | Bailey   | Reached skill level 14 in Dodging
 13279 | Bailey   | Reached XP level 11. HP: 54/54 MP: 15/15
 13763 | Bailey   | Reached skill level 10 in Fighting
 13901 | D:10     | Reached skill level 15 in Dodging
 14151 | D:9      | Reached skill level 3 in Spellcasting
 14914 | D:10     | Found a staircase to the Lair.
 15258 | D:10     | Reached skill level 4 in Spellcasting
 15529 | D:11     | Reached skill level 9 in Earth Magic
 16212 | D:11     | Noticed Psyche
 16222 | D:11     | Killed Psyche
 16223 | D:11     | Reached skill level 10 in Earth Magic
 16673 | D:11     | Noticed a tengu warrior
 16896 | D:10     | Killed a tengu warrior
 16897 | D:10     | Gained mutation: Your thick and shaggy fur keeps you warm.
                  | (AC +3, rC+) [Felid growth]
 16897 | D:10     | Reached XP level 12. HP: 58/58 MP: 2/19
 17275 | D:11     | Bought a scroll of fear for 68 gold pieces
 17275 | D:11     | Bought 3 scrolls of identify for 102 gold pieces
 17275 | D:11     | Bought a scroll of identify for 34 gold pieces
 17275 | D:11     | Bought a scroll of summoning for 161 gold pieces
 17344 | Lair:1   | Entered Level 1 of the Lair of Beasts
 17577 | Lair:1   | Noticed Amaemon
 17826 | Lair:1   | Killed Amaemon
 17827 | Lair:1   | Reached skill level 16 in Dodging
 18273 | Lair:1   | Identified the +9 ring mail of Liberty {rC+}
 18485 | Lair:1   | Reached skill level 17 in Dodging
 18571 | Lair:1   | Identified the +9 sling of Magnificence {drain, Stlth+}
 19065 | Lair:2   | Noticed a six-headed hydra
 19160 | Lair:2   | Killed a six-headed hydra
 19161 | Lair:2   | Reached skill level 18 in Dodging
 19349 | Lair:2   | HP: 5/58 [poisoned by a cane toad]
 20031 | Lair:2   | Noticed an eight-headed hydra
 20073 | Lair:2   | Killed an eight-headed hydra
 20376 | Lair:2   | Reached skill level 19 in Dodging
 20421 | Lair:2   | Found a staircase to the Snake Pit.
 21358 | Lair:3   | Noticed a seven-headed hydra
 21366 | Lair:3   | Noticed a death yak
 21371 | Lair:3   | Noticed a death yak
 21371 | Lair:3   | Noticed a death yak
 21375 | Lair:3   | Noticed a death yak
 21795 | Lair:3   | Reached XP level 13. HP: 61/61 MP: 12/20
 21846 | Lair:3   | Reached skill level 20 in Dodging
 21909 | Lair:3   | Reached skill level 1 in Unarmed Combat
 22059 | Lair:2   | Reached skill level 2 in Unarmed Combat
 22265 | Lair:2   | Reached skill level 3 in Unarmed Combat
 22634 | Lair:2   | Reached skill level 4 in Unarmed Combat
 23008 | Lair:2   | Reached skill level 5 in Unarmed Combat
 23462 | Lair:2   | Reached skill level 6 in Unarmed Combat
 23893 | Lair:3   | Found a staircase to the Swamp.
 24603 | Lair:3   | Found a staircase to the Swamp.
 24786 | Lair:4   | Identified a scroll of acquirement
 24787 | Lair:4   | Acquired the Quarto of Hurtful Geology
 24795 | Lair:4   | Learned a level 5 spell: Lee's Rapid Deconstruction
 24802 | Lair:4   | Learned a level 6 spell: Iron Shot
 24836 | Lair:4   | Noticed Rupert
 24868 | Lair:4   | HP: 4/61 [cane toad (16)]
 25235 | Lair:4   | Found a frozen archway.
 25241 | Lair:4   | Noticed Urug
 25244 | IceCv    | Entered an ice cave
 25485 | IceCv    | Identified a +2 leather armour of resistance
 25803 | IceCv    | Identified 4 potions of resistance
 25804 | IceCv    | Gained mutation: You have hidden genetic potential. [potion
                  | of mutation]
 25804 | IceCv    | Gained mutation: You have a pair of small horns on your
                  | head. [potion of mutation]
 26147 | IceCv    | Reached skill level 5 in Conjurations
 26224 | IceCv    | Identified the +1 short sword of Salt {freeze, rF+ rN+
                  | Str-5 Dex+4}
 26345 | IceCv    | Identified the +4 chain mail "Utzecveits" {rElec Stlth+}
 26612 | Lair:4   | Killed Urug
 26971 | Lair:4   | Found a staircase to the Slime Pits.
 26972 | Lair:4   | Found a viscous altar of Jiyva.
 27156 | Lair:4   | Noticed Kirke
 27205 | Lair:4   | Noticed a sphinx
 27206 | Lair:4   | Killed Kirke
 27207 | Lair:4   | Reached skill level 6 in Conjurations
 27419 | Lair:4   | Reached skill level 11 in Earth Magic
 28137 | Lair:5   | Entered Level 5 of the Lair of Beasts
 28902 | Lair:4   | Reached XP level 14. HP: 62/66 MP: 1/21
 28907 | Lair:4   | Killed Rupert
 28908 | Lair:4   | Reached skill level 7 in Conjurations
 31573 | Lair:5   | Reached skill level 12 in Earth Magic
 31816 | Lair:5   | Reached skill level 8 in Conjurations
 32276 | Lair:4   | Gained mutation: You have a somewhat thin skeletal
                  | structure. (Dex +2, Stealth+) [hidden potential]
 33584 | D:8      | Found an iron altar of Okawaru.
 33593 | D:8      | Killed Gastronok
 34121 | D:12     | Found a broken altar of Ashenzari.
 34171 | D:12     | Found a gate leading to a gauntlet.
 34189 | Gauntlet | Entered a Gauntlet
 34189 | Gauntlet | Found a transporter.
 34189 | Gauntlet | Found a transporter.
 34189 | Gauntlet | Found a transporter.
 34223 | Gauntlet | Found a transporter.
 34225 | Gauntlet | Found a transporter.
 34236 | Gauntlet | Found a transporter.
 34236 | Gauntlet | Found a transporter.
 34242 | Gauntlet | Found a runed translucent gate.
 34244 | Gauntlet | Found a transporter.
 34245 | Gauntlet | Found a runed translucent gate.
 34246 | Gauntlet | Found a runed translucent gate.
 34262 | Gauntlet | Found a transporter.
 34279 | Gauntlet | Found a transporter.
 34282 | Gauntlet | Found a transporter.
 34292 | Gauntlet | Found a transporter.
 34420 | Gauntlet | HP: 3/66 [something (24)]
 34663 | Gauntlet | Got the Vellum of Bedrock and Companions
 34687 | Gauntlet | Reached skill level 9 in Conjurations
 34865 | Gauntlet | Identified the amulet of Viatosesm {Spirit Str+3}
 35779 | D:12     | Identified the +1 ring mail "Umecef" {Harm rC- rN+ Int+3}
 35821 | D:12     | Found a staircase to the Orcish Mines.
 35920 | D:12     | Reached skill level 13 in Earth Magic
 36589 | Orc:1    | Entered Level 1 of the Orcish Mines
 36922 | Orc:1    | Noticed Nergalle
 36930 | Orc:1    | Killed Nergalle
 37193 | Orc:1    | Found a large runed translucent door.
 37203 | Orc:1    | Found a large runed translucent door.
 37220 | Orc:1    | Noticed Ikuhyel's ghost (journeyman DECj)
 37550 | Orc:1    | Killed Ikuhyel's ghost
 37664 | Orc:2    | Entered Level 2 of the Orcish Mines
 38449 | Orc:2    | Reached skill level 10 in Conjurations
 38732 | Orc:2    | Reached XP level 15. HP: 69/69 MP: 6/22
 39266 | Orc:2    | Reached skill level 14 in Earth Magic
 39691 | Orc:2    | Found a staircase to the Elven Halls.
 40210 | Orc:2    | Reached skill level 5 in Spellcasting
 40973 | Orc:1    | Reached skill level 6 in Spellcasting
 41176 | Orc:2    | Gained mutation: You have a pair of horns on your head.
                  | [hidden potential]
 41176 | Orc:2    | Lost mutation: You have hidden genetic potential. [hidden
                  | potential expressed]
 41880 | Orc:2    | Found Ixufur's Book Boutique.
 41880 | Orc:2    | Found Zeqentish's Weapon Emporium.
 41881 | Orc:2    | Found Ogocif's Book Shoppe.
 41881 | Orc:2    | Found Seuf's Book Boutique.
 42000 | Orc:2    | Bought a book of the Earth for 612 gold pieces
 42007 | Orc:2    | Learned a level 6 spell: Statue Form
 42286 | D:13     | Reached skill level 7 in Spellcasting
 42361 | D:13     | Found a portal to a secret trove of treasure.
 42750 | D:13     | Reached skill level 5 in Transmutations
 44705 | D:14     | Found a gate to the Vaults.
 44709 | D:14     | Reached skill level 6 in Transmutations
 44807 | D:14     | Reached skill level 8 in Spellcasting
 45296 | D:14     | Reached skill level 7 in Transmutations
 46149 | D:14     | Reached skill level 8 in Transmutations
 46316 | D:14     | Upgraded the game from 0.30-a0-393-g54b8e3be05 to
                  | 0.30-a0-394-g3e4acdb0ae
 46347 | D:15     | Entered Level 15 of the Dungeon
 46347 | D:15     | Noticed a fire giant
 46347 | D:15     | Found a staircase to the Depths.
 46472 | D:15     | Killed a fire giant
 46690 | D:14     | Found a gate to the Vaults.
 47665 | D:15     | Found the +4 robe of Folly {Brilliance Will-∞ Int+8}
 47803 | D:15     | Found a bloodstained altar of Trog.
 47806 | D:15     | Found a shimmering altar of Xom.
 47806 | D:15     | Found a hazy altar of Hepliaklqana.
 47808 | D:15     | Found a snail-covered altar of Cheibriados.
 47808 | D:15     | Found a radiant altar of Vehumet.
 47808 | D:15     | Found a burning altar of Makhleb.
 48089 | D:15     | Reached skill level 9 in Transmutations
 48758 | D:15     | Noticed Azrael
 48767 | D:15     | Killed Azrael
 49241 | D:15     | Reached XP level 16. HP: 73/73 MP: 26/29
 49260 | D:15     | Found Coxen's Jewellery Emporium.
 49322 | D:15     | Reached skill level 10 in Transmutations
 49849 | Snake:1  | Entered Level 1 of the Snake Pit
 52111 | Snake:2  | Noticed Aizul
 52121 | Snake:1  | Killed Aizul
 52430 | Snake:2  | Reached skill level 15 in Earth Magic
 54264 | Snake:2  | Noticed Vashnia
 54264 | Snake:2  | Identified a +0 robe of the Archmagi
 54579 | Snake:2  | Killed Vashnia
 54580 | Snake:2  | Reached skill level 16 in Earth Magic
 57477 | Snake:3  | Reached skill level 17 in Earth Magic
 57792 | Snake:3  | Identified the +5 chain mail of the Eight Boll Weevils
                  | {Stlth+}
 58407 | Snake:3  | Found Hamubret's Jewellery Emporium.
 58407 | Snake:3  | Found Iter's Book Shop.
 58462 | Snake:3  | Found Yhophuot's Book Shop.
 58462 | Snake:3  | Found Boghix's One-of-a-Kind Rings.
 58544 | Snake:3  | Bought a +7 ring of protection for 1759 gold pieces
 58544 | Snake:3  | Bought the ring "Ifiathrem" {rF+ rC+ rN+ Int+9} for 1737
                  | gold pieces
 58665 | Snake:3  | Reached XP level 17. HP: 47/76 MP: 6/30
 58994 | Snake:4  | Entered Level 4 of the Snake Pit
 60385 | Snake:4  | Found a glowing golden altar of the Shining One.
 61359 | Snake:4  | Reached skill level 11 in Transmutations
 61552 | Snake:4  | Reached skill level 18 in Earth Magic
 61568 | Snake:4  | Reached skill level 11 in Conjurations
 61568 | Snake:4  | Reached skill level 7 in Unarmed Combat
 61917 | Snake:4  | Got a serpentine rune of Zot
 62162 | Swamp:1  | Entered Level 1 of the Swamp
 62392 | Swamp:1  | Noticed Louise
 62555 | Swamp:1  | Reached skill level 8 in Unarmed Combat
 62837 | Lair:3   | Learned a level 4 spell: Petrify
 63129 | Lair:3   | Killed Louise
 63367 | Swamp:1  | Noticed Nikola
 63378 | Swamp:1  | Killed from afar by Nikola
 63379 | Swamp:1  | Reached XP level 16. HP: -53/94 MP: 0/29
 63391 | Swamp:1  | Killed Nikola
 63435 | Swamp:1  | Reached skill level 9 in Unarmed Combat
 63875 | Swamp:1  | Found a stormy altar of Qazlal.
 65168 | Swamp:2  | Reached skill level 10 in Unarmed Combat
 65684 | Swamp:2  | Reached skill level 11 in Unarmed Combat
 65688 | Swamp:2  | Reached XP level 17. HP: 52/76 MP: 16/30
 66412 | Swamp:3  | Noticed a tentacled monstrosity
 66420 | Swamp:3  | Killed a tentacled monstrosity
 66841 | Swamp:3  | Reached skill level 12 in Unarmed Combat
 67065 | Swamp:3  | Got the Book of Frore Feathers
 67510 | Swamp:4  | Entered Level 4 of the Swamp
 68171 | Swamp:4  | Reached skill level 13 in Unarmed Combat
 68745 | Swamp:4  | Gained mutation: You are weak. (Str -2) [a neqoxec]
 68756 | Swamp:4  | Reached skill level 14 in Unarmed Combat
 69226 | Swamp:4  | Identified a +2 robe of the Archmagi
 69247 | Swamp:4  | Noticed a tentacled monstrosity
 69261 | Swamp:4  | Killed a tentacled monstrosity
 69474 | Swamp:4  | Got a decaying rune of Zot
 69523 | Swamp:4  | Gained mutation: You occasionally lose the ability to drink
                  | potions when taking damage. [a neqoxec]
 69529 | Swamp:4  | Lost mutation: You have a pair of horns on your head.
                  | [potion of mutation]
 69529 | Swamp:4  | Lost mutation: You are weak. (Str -2) [potion of mutation]
 69529 | Swamp:4  | Gained mutation: You are resistant to electric shocks.
                  | (rElec) [potion of mutation]
 69529 | Swamp:4  | Gained mutation: You passively map a small area around you.
                  | [potion of mutation]
 69529 | Swamp:4  | Gained mutation: You have a moderately thin skeletal
                  | structure. (Dex +4, Stealth++) [potion of mutation]
 69530 | Swamp:4  | Lost mutation: You are resistant to electric shocks.
                  | (rElec) [potion of mutation]
 69530 | Swamp:4  | Lost mutation: You occasionally lose the ability to drink
                  | potions when taking damage. [potion of mutation]
 69530 | Swamp:4  | Lost mutation: You have a pair of small horns on your head.
                  | [potion of mutation]
 69530 | Swamp:4  | Gained mutation: You possess an exceptional clarity of
                  | mind. [potion of mutation]
 69530 | Swamp:4  | Gained mutation: Your muscles are strong. (Str +4, Int/Dex
                  | -1) [potion of mutation]
 69530 | Swamp:4  | Gained mutation: You expend magic power (3 MP) to
                  | strengthen your wands. [potion of mutation]
 69647 | Swamp:4  | Reached skill level 15 in Unarmed Combat
 70913 | D:14     | Upgraded the game from 0.30-a0-394-g3e4acdb0ae to
                  | 0.30-a0-457-g4b7bca3bfa
 70916 | Vaults:1 | Entered Level 1 of the Vaults
 71175 | Vaults:1 | Reached XP level 18. HP: 80/80 MP: 26/31
 71257 | Vaults:1 | Found Arith's Magic Scroll Shoppe.
 71473 | Vaults:1 | HP: 7/104 [ironbound frostheart/creeping frost (32)]
 71473 | Vaults:1 | Mangled by a deep troll
 71474 | Vaults:1 | Reached XP level 17. HP: -7/98 MP: 0/30
 71474 | Vaults:1 | Upgraded the game from 0.30-a0-457-g4b7bca3bfa to
                  | 0.30-a0-459-g9104f0fc43
 71727 | Vaults:1 | Killed from afar by a lindwurm
 71728 | Vaults:1 | Reached XP level 16. HP: -9/94 MP: 0/29
 71728 | Vaults:1 | Quit the game

Vanquished Creatures
  Vashnia (Snake:2)
  Nikola (Swamp:1)
  2 tentacled monstrosities
  Kirke (Lair:4)
  Gastronok (D:8)
  3 thorn hunters
  6 fenstrider witches (Swamp:4)
  A fire giant (D:15)
  9 nagarajas
  A ghoul (Swamp:4)
  A vault warden (Vaults:1)
  Louise (Lair:3)
  Aizul (Snake:1)
  An orc warlord (Orc:1)
  A war gargoyle (Vaults:1)
  3 ironbound preservers (Vaults:1)
  A reaper (Swamp:4)
  3 ironbound thunderhulks (Vaults:1)
  8 eleionomae
  Azrael (D:15)
  A minotaur (Gauntlet)
  5 bunyips
  A blizzard demon (Swamp:4)
  An ettin (Vaults:1)
  A yaktaur captain (Vaults:1)
  4 great orbs of eyes
  3 shambling mangroves
  12 hydras
  3 salamander tyrants (Snake:4)
  A vault guard (Vaults:1)
  4 ogre magi (Orc:2)
  2 ghost crabs (Swamp:1)
  4 catoblepae
  11 alligators
  9 anacondas
  3 boulder beetles
  8 centaur warriors
  4 ironbound frosthearts (Vaults:1)
  The ghost of Ikuhyel the Destroyer, a journeyman DECj of Ashenzari (Orc:1)
  A death knight (D:15)
  17 two-headed ogres
  2 dancing weapons (D:14)
  12 death yaks
  2 tengu warriors
  An orc high priest (D:12)
  7 naga warriors
  A spriggan berserker (Swamp:1)
  Urug (Lair:4)
  9 shock serpents
  Amaemon (Lair:1)
  Nergalle (Orc:1)
  17 naga sharpshooters
  A fire crab (Gauntlet)
  A salamander mystic (Snake:3)
  3 goliath frogs
  2 sixfirhies (Swamp:4)
  3 sea snakes (Snake:4)
  5 spriggan druids
  4 deep trolls (Vaults:1)
  4 bog bodies
  7 swamp dragons
  5 naga ritualists
  4 wizards
  4 deep elf pyromancers
  14 mana vipers
  3 orc knights
  3 lindwurms (Vaults:1)
  2 ironbound convokers (Vaults:1)
  2 deep elf zephyrmancers (Swamp:4)
  8 ugly things
  4 orc sorcerers
  4 will-o-the-wisps
  4 manticores
  A shining eye (Gauntlet)
  5 cyclopes
  9 salamanders
  An oklob plant (Snake:4)
  4 vault sentinels (Vaults:1)
  15 elephants
  33 black mambas
  3 ice statues (IceCv)
  A guardian serpent (Snake:3)
  A black mamba (shapeshifter) (D:15)
  A gargoyle (D:11)
  3 orange demons
  10 cane toads
  A minotaur zombie (Gauntlet)
  Psyche (D:11)
  12 naga magi
  2 unseen horrors (D:12)
  A kobold demonologist (D:9)
  10 komodo dragons
  2 rime drakes
  4 yaktaurs
  2 tengu conjurers
  2 freezing wraiths
  4 hellwings (Swamp:4)
  8 meliai
  2 trolls (D:11)
  20 hornets
  13 blink frogs
  3 slime creatures (D:14)
  11 tyrant leeches
  3 polar bears
  2 centaur simulacra (D:14)
  A dire elephant simulacrum (IceCv)
  2 vampires (D:11)
  5 wyverns
  13 spriggans
  3 wraiths
  A fire elemental (D:15)
  7 basilisks
  31 yaks
  4 fire bats (Gauntlet)
  3 hogs (Lair:4)
  13 vampire mosquitoes
  2 golden eyes (Gauntlet)
  2 chaos spawn (Swamp:4)
  2 neqoxecs (Swamp:4)
  A death yak simulacrum (IceCv)
  39 nagas
  8 swamp worms
  8 wargs
  11 water moccasins
  4 hell hounds (D:15)
  2 acid dragons
  34 orc warriors
  A hydra simulacrum (IceCv)
  A black bear (D:8)
  6 swamp drakes
  A sky beast (D:7)
  4 ice beasts
  9 wolves
  9 boggarts
  30 ogres
  15 centaurs
  2 phantoms
  2 kobold brigands
  9 bullfrogs
  4 necrophages
  2 gnoll sergeants (D:10)
  4 scorpions
  4 wights
  16 killer bees
  3 electric eels (Lair:1)
  11 howler monkeys
  12 orc priests
  Crazy Yiuf (D:2)
  4 hounds
  A gnoll bouda (D:9)
  5 jellies
  6 iguanas
  18 orc wizards
  4 polar bear simulacra (IceCv)
  26 gnolls
  6 adders
  2 shadow imps (D:7)
  A white imp (D:6)
  An ufetubus (D:6)
  5 worms
  A dart slug (D:1)
  69 orcs
  6 ball pythons
  3 endoplasms
  5 giant cockroaches
  10 goblins
  7 hobgoblins
  6 jackals
  2 quokkas
  5 bats
  4 frilled lizards
  19 kobolds
  7 rats
1039 creatures vanquished.

Vanquished Creatures (collateral kills)
  Rupert (Lair:4)
  A hydra (Lair:4)
2 creatures vanquished.

Vanquished Creatures (others)
  A bunyip (Swamp:4)
  A bloated husk (Swamp:4)
  A swamp drake (Swamp:1)
  An electric eel (Snake:4)
  An orc (D:15)
  A briar patch (Swamp:4)
  A bush (Snake:3)
  14 demonic plants (Gauntlet)
  7 foxfires
  34 fungi
  53 plants
  4 toadstools (D:11)
119 creatures vanquished.

Grand Total: 1160 creatures vanquished
